 Dungeon Crawl Stone Soup version 0.32-a0-975-g85d4e5bfdb (webtiles) character file.

Game seed: 11754345614719308248

42 araganzar the Ruffian (level 3, 0/29 HPs)
             Began as a Demonspawn Reaver on Apr 19, 2024.
             Slain by Terence
             ... wielding a +2 trident of freezing
              (7 damage)
             ... on level 2 of the Dungeon.
             The game lasted 00:02:07 (1021 turns).

araganzar the Ruffian (Demonspawn Reaver)           Turns: 1021, Time: 00:02:08

Health: 0/29       AC:  9    Str: 14    XL:     3   Next: 33%
Magic:  0/6        EV: 10    Int: 13    God:
Gold:   22         SH:  0    Dex: 11    Spells: 5/6 levels left

rFire   + .          .
                       - Unarmed
rCold   + . .        (no shield)
rNeg    . . .        a - +0 leather armour
rPois   +            (no helmet)
rElec   +            (no cloak)
rCorr   +            (no gloves)
SInv    .            (no boots)
Will    +....        b - amulet of guardian spirit {Spirit}
Stlth   +            (no ring)
HPRegen 0.24/turn    (no ring)
MPRegen 0.10/turn

%: guardian spirit
@: resistant, sanguine armoured, attractive, enlightened, flying
A: sanguine armour 1
a: no special abilities


You were on level 2 of the Dungeon.
You visited 1 branch of the dungeon, and saw 2 of its levels.

You collected 22 gold pieces.


Innate Abilities, Weirdness & Mutations

When seriously injured, your blood forms armour. (AC +6)


   Skills:
 + Level 3.0 Fighting
 - Level 1.7 Dodging
 + Level 3.4 Unarmed Combat
 - Level 2.0 Spellcasting
 - Level 3.0 Conjurations


You had 5 spell levels left.
You knew the following spells:

 Your Spells              Type           Power      Damage    Failure   Level
a - Kiss of Death         Conj/Necr      20%        2d7       17%         1

Your spell library contained the following spells:

 Spells                   Type           Power      Damage    Failure   Level
 Momentum Strike          Conj/Tloc      10%        3d8       26%         2
 Hailstorm                Conj/Ice       5%         3d5       45%         3
 Animate Armour           Summ/Erth      2%         N/A       97%         4
 Lee's Rapid Deconstruct  Erth           0%         3d4*      100%        5
 Magnavolt                Erth/Air       0%         3d9       100%        7

Inventory:

Hand Weapons
 h - a +0 war axe
   (You found it on level 2 of the Dungeon)
Missiles
 d - 5 poisoned darts
Armour
 a - a +0 leather armour (worn)
 f - a +0 buckler
   (You found it on level 1 of the Dungeon)
Jewellery
 b - an amulet of guardian spirit (around neck) {Spirit}
   (You found it on level 1 of the Dungeon)

#.# #.# ########
#.# #.# #......#
#.# #.#
#......###.#####
#.#
#........†....)#
#.#
#.......†......#
#.#
#..............#
#.#
#......###'######
#.# #......#
#.#.@@.# #.#
######## #.#.##.#
#.# #.#.# # #.#
#############.#.#
#.#
....<.>.......#.#
#.#
######.########.#
#.# .........#
#.# #.#
.#####.#.######.#
#.# .##
#..........# #.#


You could see Terence.


Message History

You now have 5/6 mp.
You hit Terence but do no damage. Your punch misses Terence.
Terence hits you with a +2 trident of freezing.
You take 2 damage, and have 21/29 hp.
You now have 4/6 mp.
Unknown command.
You barely miss Terence. Terence closely misses you.
You hit Terence.
Terence hits you with a +2 trident of freezing!
Your blood congeals into armour.
You take 6 damage, and have 15/29 hp.
MASSIVE DAMAGE!!
You now have 3/6 mp.
It was a potion of enlightenment.
You feel very buoyant.
You fly up into the air.
Terence hits you with a +2 trident of freezing.
You take 1 damage, and have 14/29 hp.
It was a potion of attraction.
You feel attractive to monsters.
Terence hits you with a +2 trident of freezing!
* * * LOW HITPOINT WARNING * * *
You take 7 damage, and have 7/29 hp.
MASSIVE DAMAGE!!
You now have 1/6 mp.
Unknown command.
Unknown command.
You hit Terence but do no damage.
Terence hits you with a +2 trident of freezing!
You die...
Terence says, "That felt goooood."

Action                     || total
---------------------------++-------
  Melee: Unarmed           ||   114
         Punch             ||     2
    Use: Potion            ||     4
 Armour: Leather armour    ||    84
  Dodge: Dodged            ||    58

Levels and vault maps discovered:
D:1:      minmay_arrival_up_and_down, layout_rooms, minmay_misc_feat_nine_boxes
D:2:      layout_basic, serial_shops, nicolae_shop_pleasant_corner_grove,
          uniq_jessica, uniq_terence

Notes
Turn   | Place    | Note
-------+----------+-------------------------------------------
     0 | D:1      | araganzar the Demonspawn Reaver began the quest for the
                  | Orb.
     0 | D:1      | Reached XP level 1. HP: 16/16 MP: 3/3
   180 | D:1      | Reached skill level 3 in Unarmed Combat
   180 | D:1      | Gained mutation: When seriously injured, your blood forms
                  | armour. (AC +6) [demonic ancestry]
   180 | D:1      | Reached XP level 2. HP: 14/23 MP: 3/5
   734 | D:2      | Reached XP level 3. HP: 15/28 MP: 4/6
   947 | D:2      | Reached skill level 3 in Fighting
  1011 | D:2      | Noticed Terence
  1021 | D:2      | Slain by Terence

Vanquished Creatures
  An adder (D:2)
  A dart slug (D:2)
  2 giant cockroaches
  5 hobgoblins
  4 jackals (D:1)
  A quokka (D:1)
  4 bats
  4 frilled lizards
  2 goblins
  3 kobolds (D:1)
  A rat (D:1)
28 creatures vanquished.
